 Dungeon Crawl Stone Soup version 0.18.1-1-g2f07953 (webtiles) character file.

1045 Eucla the Cudgeler (level 8, -1/48 HPs)
             Began as a Gargoyle Monk on May 6, 2016.
             Was an Elder of Ru.
             Slain by an orc warrior
             ... wielding a +0 hand axe
              (7 damage)
             ... on level 6 of the Dungeon.
             The game lasted 00:07:40 (6202 turns).

Eucla the Cudgeler (Gargoyle Monk)                  Turns: 6202, Time: 00:07:42

Health: -1/48      AC: 16    Str: 16    XL:     8   Next: 25%
Magic:  8/8        EV:  8    Int: 10    God:    Ru [****..]
Gold:   173        SH:  0    Dex: 16    Spells: 0 memorised, 7 levels left

rFire  . . .     SeeInvis .     C - +0 morningstar
rCold  . . .     Gourm    .     t - +0 chain mail
rNeg   + . .     Faith    .     (shield unavailable)
rPois  ∞         Spirit   .     (helmet restricted)
rElec  +         Dismiss  .     (no cloak)
rCorr  .         Reflect  .     n - +0 pair of gloves
SustAt .         Harm     .     r - +0 pair of boots
MR     .....                    (no amulet)
Stlth  ..........               (no ring)
                                (ring unavailable)

@: not resistant to hostile enchantments, extremely unstealthy
A: antennae 1, hooves 1, agile 1, negative energy resistance 1, electricity
resistance, unbreathing, petrification resistance, rot immunity, missing a hand,
hated by all, AC +5
a: Draw Out Power, Power Leap, Renounce Religion


You were on level 6 of the Dungeon.
You worshipped Ru.
Ru was greatly pleased with you.
You were full.

You visited 1 branch of the dungeon, and saw 6 of its levels.
You also visited: Sewer.

You collected 285 gold pieces.
You spent 112 gold pieces at shops.

Inventory:

Hand Weapons
 h - a +0 great mace
 v - a +0 mace
 B - a +0 war axe
 C - a +0 morningstar (weapon)
Armour
 a - a +0 robe
 k - a +0 helmet
 n - a +0 pair of gloves (worn)
 r - a +0 pair of boots (worn)
 t - a +0 chain mail (worn)
 u - a +2 helmet of intelligence
Scrolls
 c - a scroll of blinking
 d - 2 scrolls of amnesia {unknown}
 f - 2 scrolls of fog
 g - 2 scrolls of enchant weapon
 j - a scroll of recharging
 l - 3 scrolls of remove curse
 p - a scroll of immolation {unknown}
 q - 2 scrolls of magic mapping {unknown}
 w - 4 scrolls of teleportation
 y - 2 scrolls of vulnerability {unknown}
 D - a scroll of enchant armour {unknown}
 E - a scroll of identify
Potions
 e - a potion of resistance
 o - a potion of brilliance
 z - 2 potions of degeneration {unknown}
 A - a potion of invisibility {unknown}
Books
 m - a book of Annihilations

   Spells                             Type                      Level
   a - Poison Arrow                   Conjuration/Poison           6
   b - Chain Lightning                Conjuration/Air              8
   c - Lehudib's Crystal Spear        Conjuration/Earth            8
   d - Glaciate                       Conjuration/Ice              9
   e - Fire Storm                     Conjuration/Fire             9
Comestibles
 b - 2 bread rations
 x - 2 meat rations


   Skills:
 - Level 4.9 Fighting
 + Level 7.1 Maces & Flails
 - Level 3.5 Armour
 - Level 3.7 Dodging
 - Level 2.1 Stealth
 - Level 4.0 Unarmed Combat


You had 7 spell levels left.
You didn't know any spells.

Dungeon Overview and Level Annotations

Branches:
Dungeon (6/15)
 Temple: D:4-7

Altars:
Kikubaaqudgha
Makhleb
Pakellas
Ru
Yredelemnul

Shops:
D:6 (


Innate Abilities, Weirdness & Mutations

You are resistant to torment.
Your stone body is resilient (AC +5).
You are immune to poison.
You resist negative energy.
You are resistant to electric shocks.
You can survive without breathing.
You are immune to petrification.
You are immune to rotting.
You are missing a hand.
You are hated by all.
You have a pair of small antennae on your head.
You have large cloven feet.
You are agile. (Dex +2)


Message History

You closely miss the orc warrior.
The orc warrior is moderately wounded.
The orc warrior hits you with a hand axe!
You hit the orc warrior but do no damage.
The orc warrior is moderately wounded.
The orc warrior hits you with a hand axe!
* * * LOW HITPOINT WARNING * * *
You focus your will and illuminate the orc warrior in retribution!
You sock the orc warrior!
The orc warrior is heavily wounded.
The orc warrior closely misses you.
Unknown command.
Drink which item? (? for menu, Esc to quit)
It was a potion of mutation.
You feel extremely strange.
You feel agile.
Your feet thicken and deform.
A pair of antennae grows on your head!
Your +2 helmet of intelligence falls away!
You feel stupid.
The orc warrior hits you with a hand axe!
You die...

#.#
##########
#.# #.#
#.# #.#
#.#
#.#######
##........
#@o.......
##########


You could see an orc warrior.

Vanquished Creatures
  Menkaure (D:5)
  Duvessa (D:4)
  Purgy (Sewer)
  2 ogres
  Dowan (D:4)
  A crimson imp (D:5)
  A jelly (D:5)
  A gnoll shaman (D:4)
  An orc priest (D:5)
  A hound (D:6)
  An orc wizard (D:4)
  A centaur skeleton (D:4)
  An iguana (D:5)
  2 worker ants
  Robin (D:4)
  5 gnolls (D:4)
  5 adders
  2 river rats (D:4)
  A dart slug (D:3)
  3 giant geckos
  9 orcs
  A ball python (D:4)
  3 bat zombies (D:4)
  3 giant cockroaches
  23 goblins
  5 hobgoblins
  6 jackals
  A quokka (D:5)
  5 bats
  2 giant newts
  A jackal skeleton (D:4)
  7 kobolds
  7 rats
106 creatures vanquished.

Vanquished Creatures (others)
  An iguana (D:4)
  A kobold (Sewer)
2 creatures vanquished.

Grand Total: 108 creatures vanquished

Notes
Turn   | Place    | Note
--------------------------------------------------------------
     0 | D:1      | Eucla the Gargoyle Monk began the quest for the Orb.
     0 | D:1      | Reached XP level 1. HP: 14/14 MP: 1/1
   188 | D:1      | Reached XP level 2. HP: 16/19 MP: 2/2
   757 | D:2      | Reached skill level 1 in Armour
   757 | D:2      | Reached XP level 3. HP: 17/24 MP: 3/3
  1498 | D:3      | Reached XP level 4. HP: 29/29 MP: 4/4
  1709 | D:3      | Found a sacrificial altar of Ru.
  1804 | D:3      | Became a worshipper of Ru the Awakened
  1815 | D:3      | Gained mutation: You are hated by all. [Ru sacrifice]
  1815 | D:3      | Reached * piety under Ru
  2638 | D:4      | Reached XP level 5. HP: 23/34 MP: 5/5
  2957 | D:4      | Found a glowing drain.
  3024 | D:4      | Reached XP level 6. HP: 23/40 MP: 6/6
  3093 | Sewer    | Entered a sewer
  3260 | Sewer    | Reached skill level 1 in Maces & Flails
  3273 | Sewer    | Noticed Purgy
  3315 | Sewer    | Killed Purgy
  3315 | Sewer    | Reached skill level 2 in Maces & Flails
  3716 | D:4      | Found a burning altar of Makhleb.
  3829 | D:4      | Noticed Robin
  3871 | D:4      | Reached skill level 3 in Maces & Flails
  3885 | D:4      | Killed Robin
  3928 | D:4      | Found a basalt altar of Yredelemnul.
  3954 | D:4      | Noticed Dowan
  3956 | D:4      | Noticed Duvessa
  3963 | D:4      | Killed Dowan
  3963 | D:4      | Reached XP level 7. HP: 44/44 MP: 7/7
  4006 | D:4      | Killed Duvessa
  4006 | D:4      | Reached skill level 4 in Maces & Flails
  4199 | D:4      | Found an oddly glowing altar of Pakellas.
  4246 | D:4      | Reached skill level 5 in Maces & Flails
  4479 | D:4      | Found an ancient bone altar of Kikubaaqudgha.
  4735 | D:5      | Entered Level 5 of the Dungeon
  5067 | D:5      | Gained mutation: You are missing a hand. [Ru sacrifice]
  5067 | D:5      | Reached ** piety under Ru
  5067 | D:5      | Reached *** piety under Ru
  5067 | D:5      | Reached **** piety under Ru
  5069 | D:5      | Reached skill level 6 in Maces & Flails
  5128 | D:5      | Noticed Menkaure
  5143 | D:5      | Killed Menkaure
  5143 | D:5      | Reached XP level 8. HP: 19/48 MP: 8/8
  5397 | D:5      | Reached skill level 7 in Maces & Flails
  5831 | D:6      | Found Feobocieg's Weapon Shop.
  5840 | D:6      | Bought a +0 war axe for 52 gold pieces
  5840 | D:6      | Bought a +0 morningstar for 60 gold pieces
  6202 | D:6      | Gained mutation: You are agile. (Dex +2) [potion of mutation]
  6202 | D:6      | Gained mutation: You have large cloven feet. [potion of mutation]
  6202 | D:6      | Gained mutation: You have a pair of small antennae on your head. [potion of mutation]
  6202 | D:6      | Slain by an orc warrior

Skill      XL: |  1  2  3  4  5  6  7  8 |
---------------+-------------------------+-----
Armour         | 1 2 3 |  3.5
Fighting       | 4 |  4.9
Dodging        | 3 |  3.7
Maces & Flails | 3 6 7 |  7.1
Stealth        | |  2.1
Unarmed Combat | |  4.0

Action                   |  1- 3 |  4- 6 |  7- 9 || total
-------------------------+-------+-------+-------++-------
Melee: Unarmed           |    93 |   183 |       ||   276
       Punch             |     1 |     3 |     1 ||     5
       Mace              |       |   136 |   174 ||   310
       Morningstar       |       |       |    25 ||    25
Invok: Sacrifice Love    |       |     1 |       ||     1
       Power Leap        |       |       |     1 ||     1
       Sacrifice a Hand  |       |       |     1 ||     1
  Use: Scroll            |       |     9 |       ||     9
       Potion            |       |     5 |     3 ||     8
 Stab: Sleeping          |     8 |     2 |       ||    10
       Distracted        |       |       |     1 ||     1
  Eat: Chunk             |     1 |     1 |     5 ||     7
       Meat ration       |       |     1 |     1 ||     2
       Bread ration      |       |     1 |       ||     1
       Beef jerky        |       |       |     1 ||     1
Armor: Robe              |    12 |     6 |       ||    18
       Chain mail        |       |   241 |   109 ||   350
       Skin              |       |    89 |       ||    89
Dodge: Dodged            |    52 |   154 |    87 ||   293
